 Dungeon Crawl Stone Soup version 0.29.1-2-gbd0b4ee654 (webtiles) character file.

Game seed: 16224937064538759239

137 safid the Shooter (level 5, 0/47 HPs)
             Began as a Minotaur Hunter on Oct 25, 2022.
             Slain by a gnoll
             ... wielding a +0 club
              (4 damage)
             ... on level 2 of the Dungeon.
             The game lasted 00:02:45 (2155 turns).

safid the Shooter (Minotaur Hunter)                 Turns: 2155, Time: 00:02:46

Health: 0/47       AC:  3    Str: 15    XL:     5   Next: 0%
Magic:  4/4        EV: 12    Int:  6    God:
Gold:   113        SH:  0    Dex: 16    Spells: 4/4 levels left

rFire   . . .      SeeInvis .   a - +0 shortbow
rCold   . . .      Faith    .   (shield currently unavailable)
rNeg    . . .      Spirit   .   c - +0 leather armour
rPois   .          Reflect  .   (helmet restricted)
rElec   .          Harm     .   (no cloak)
rCorr   .          Rampage  .   (no gloves)
Will    .....                   (no boots)
Stlth   +.........              (no amulet)
HPRegen 0.15/turn               (no ring)
MPRegen 0.09/turn               (no ring)

@: no status effects
A: horns 2, retaliatory headbutt
a: no special abilities


You were on level 2 of the Dungeon.
You visited 1 branch of the dungeon, and saw 2 of its levels.

You collected 113 gold pieces.

Inventory:

Hand Weapons
 a - a +0 shortbow (weapon)
Armour
 c - a +0 leather armour (worn)
Jewellery
 l - a ring of protection from fire
Scrolls
 b - a scroll of immolation
 e - 2 scrolls of fear {unknown}
 f - a scroll of enchant armour {unknown}
 h - 2 scrolls of noise {unknown}
 i - 2 scrolls of vulnerability {unknown}
 k - 2 scrolls of teleportation {unknown}
 m - a scroll of blinking {unknown}
Potions
 d - a potion of cancellation
 g - 3 potions of brilliance
 j - 3 potions of curing


   Skills:
 + Level 4.7 Fighting
 + Level 5.8 Ranged Weapons
 - Level 2.1 Dodging
 - Level 0.7 Stealth


You had 4 spell levels left.
You didn't know any spells.
Your spell library was empty.

Dungeon Overview and Level Annotations

Branches:
Dungeon (2/15)

Altars:


Innate Abilities, Weirdness & Mutations

You have a pair of horns on your head.
You reflexively headbutt those who attack you in melee.


Message History

Aim: a gnoll, wielding a +0 club (heavily wounded, 68% to hit)
You shoot an arrow. The arrow closely misses the gnoll.
The gnoll barely misses you.
Unknown command.
Unknown command.
Unknown command.
Fire: a) +0 shortbow
Press: ? - help, Q - select action Shift-Dir - straight line, f/p - gnoll
Aim: a gnoll, wielding a +0 club (heavily wounded, 68% to hit)
You shoot an arrow. The arrow hits the gnoll.
The gnoll is severely wounded.
The gnoll closely misses you.
Fire: a) +0 shortbow
Press: ? - help, Q - select action Shift-Dir - straight line, f/p - gnoll
Aim: a gnoll, wielding a +0 club (severely wounded, 68% to hit)
You shoot an arrow. The arrow closely misses the gnoll.
The gnoll closely misses you.
Unknown command.
Unknown command.
Fire: a) +0 shortbow
Press: ? - help, Q - select action Shift-Dir - straight line, f/p - gnoll
Aim: a gnoll, wielding a +0 club (severely wounded, 68% to hit)
You shoot an arrow. The arrow hits the gnoll.
The gnoll is severely wounded.
The gnoll misses you. The gnoll hits you with a +0 club.
* * * LOW HITPOINT WARNING * * *
Fire: a) +0 shortbow
Press: ? - help, Q - select action Shift-Dir - straight line, f/p - gnoll
Aim: a gnoll, wielding a +0 club (severely wounded, 68% to hit)
You shoot an arrow. The arrow barely misses the gnoll.
The gnoll closely misses you.
Unknown command.
Fire: a) +0 shortbow
Press: ? - help, Q - select action Shift-Dir - straight line, f/p - gnoll
Aim: a gnoll, wielding a +0 club (severely wounded, 68% to hit)
You shoot an arrow.
The arrow hits the gnoll but does no damage.
The gnoll is severely wounded.
The gnoll hits you with a +0 club.
You die...

#.# #.# #.# #.#
#.# ###.###
.......#..#
#######.#.#####
#........g@.#
#.###.#)###.#
#.#.# .# #.#g#
.# ##.#.# .#
#.##†.gS# .#
#.......# .#
#..#..)## .#
#...#.#.


You could see a gnoll.

Vanquished Creatures
  5 gnolls
  4 adders (D:2)
  A worm (D:2)
  2 dart slugs (D:1)
  5 endoplasms
  A giant cockroach (D:1)
  4 goblins (D:2)
  2 hobgoblins
  4 kobolds (D:1)
  4 quokkas
  5 ball pythons
  6 frilled lizards
  8 rats
51 creatures vanquished.

Vanquished Creatures (others)
  9 plants (D:2)
9 creatures vanquished.

Grand Total: 60 creatures vanquished

Notes
Turn   | Place    | Note
-------+----------+-------------------------------------------
     0 | D:1      | safid the Minotaur Hunter began the quest for the Orb.
     0 | D:1      | Reached XP level 1. HP: 18/18 MP: 0/0
   184 | D:1      | Reached XP level 2. HP: 25/25 MP: 1/1
  1207 | D:1      | Reached skill level 5 in Ranged Weapons
  1207 | D:1      | Reached XP level 3. HP: 17/31 MP: 2/2
  1393 | D:2      | Reached XP level 4. HP: 12/40 MP: 3/3
  2149 | D:2      | Reached XP level 5. HP: 9/47 MP: 4/4
  2155 | D:2      | Slain by a gnoll

Illustrated notes

Levels and vault maps discovered:
D:1:      minmay_arrival_semitransparent, layout_basic, serial_bayou_lagoon_a
D:2:      layout_loops_ring, dilly_ecumenical_altar_fadedgnrine

Skill      XL: |  1  2  3 |
---------------+----------+-----
Fighting       | 3 4 |  4.7
Ranged Weapons | 5 |  5.8
Dodging        | |  2.1
Stealth        | |  0.7

Action                   |  1- 3 |  4- 6 || total
-------------------------+-------+-------++-------
 Fire: Shortbow          |    89 |    72 ||   161
  Use: Potion            |     3 |       ||     3
Armor: Leather armour    |     4 |     8 ||    12
Dodge: Dodged            |    24 |    24 ||    48
